 Dungeon Crawl Stone Soup version 0.17-a0-1380-gc4949c2 (webtiles) character file.

23759 Kisielow the Cleaver (level 13, 0/116 HPs)
             Began as a Hill Orc Fighter on June 14, 2015.
             Was a High Priest of Yredelemnul.
             Slain by an eight-headed hydra (12 damage)
             ... on level 5 of the Lair of Beasts.
             The game lasted 00:59:17 (17773 turns).

Kisielow the Cleaver (Hill Orc Fighter)            Turns: 17773, Time: 00:59:18

Health: 0/116      AC: 16    Str: 24    XL:     13   Next: 8%
Magic:  20/20      EV:  8    Int:  8    God:    Yredelemnul [*****.]
Gold:   974        SH:  0    Dex: 10    Spells: 0 memorised, 12 levels left

rFire  + . .     SeeInvis .     M - +7 trident "Impslayer" {flame, rC+}
rCold  + . .     Clarity  +     i - +2 chain mail {rF+}
rNeg   . . .     SustAt   .     (no shield)
rPois  +         Gourm    .     (helmet restricted)
rElec  .         Spirit   .     (no cloak)
rCorr  .         Warding  .     f - +0 pair of gloves
rMut   .         Stasis   .     E - +0 pair of boots
MR     .....                    H - amulet of clarity
Stlth  ..........               U - ring of poison resistance
                                g - ring of stealth

@: lethally poisoned (0 -> -13), hasted, very quick, not resistant to hostile
enchantments, extremely unstealthy
A: antennae 1, breathe flames 1, screaming 1, MP-powered wands
a: Animate Dead, Recall Undead Slaves, Injury Mirror, Drain Life, Enslave Soul,
Renounce Religion, Breathe Fire


You were on level 5 of the Lair of Beasts.
You worshipped Yredelemnul.
Yredelemnul was extremely pleased with you.
You were not hungry.

You visited 3 branches of the dungeon, and saw 16 of its levels.
You also visited: Sewer.

You collected 974 gold pieces.

Inventory:

Hand weapons
 a - a +0 war axe
 x - the +8 battleaxe "Yroe" {pain, *Noise rPois MP+9}
   (You found it on level 2 of the Lair of Beasts)

   In the hands of one skilled in necromantic magic, it inflicts extra damage on
   living creatures.
   It protects you from poison.
   It affects your magic capacity (+9).
   It may make noises in combat.
 M - the +7 trident "Impslayer" (weapon) {flame, rC+}
   (You found it on level 6 of the Dungeon)

   It has been specially enchanted to burn those struck by it, causing extra
   injury to most foes and up to half again as much damage against particularly
   susceptible opponents.
   It protects you from cold.
Armour
 c - a +2 shield
 f - a +0 pair of gloves (worn)
 i - a +2 chain mail of fire resistance (worn)
 E - a +0 pair of boots (worn)
Magical staves
 Y - an uncursed staff of air
Jewellery
 g - a ring of stealth (left hand)
 H - an amulet of clarity (around neck)
 U - a ring of poison resistance (right hand)
Magical devices
 h - a wand of slowing (30)
 q - a wand of slowing (30)
 r - a wand of flame (24)
 t - a wand of confusion (48)
 A - a wand of slowing (17)
 G - a wand of digging (15)
 J - a wand of paralysis (8)
 P - a wand of disintegration (13)
 V - a wand of lightning (5)
Scrolls
 m - 10 scrolls of remove curse
 n - 3 scrolls of recharging
 u - 2 scrolls of enchant weapon {unknown}
 w - a scroll of identify
 z - a scroll of enchant armour
 C - 4 scrolls of fog
 O - a scroll of blinking
 R - 4 scrolls of magic mapping
Potions
 b - a potion of magic
 d - 4 potions of might
 j - 2 potions of haste
 k - 5 potions of agility
 o - 6 potions of curing
 p - 4 potions of brilliance
 v - 4 potions of flight
Books
 y - a book of Callings

   Spells                             Type                      Level
   a - Summon Small Mammal            Summoning                    1
   b - Call Imp                       Summoning                    2
   c - Call Canine Familiar           Summoning                    3
   d - Summon Guardian Golem          Hexes/Summoning              3
   e - Summon Lightning Spire         Summoning/Air                4
   f - Summon Ice Beast               Ice/Summoning                4
Comestibles
 e - 4 bread rations
 l - 23 fruits
 s - 5 meat rations
 B - 4 chunks of flesh
 Q - 11 royal jellies
 T - 4 slices of pizza


   Skills:
 - Level 11.3 Fighting
 - Level 12.7 Axes
 - Level 10.1 Armour
 - Level 10.3 Shields
 - Level 10.0 Invocations
 + Level 9.1 Evocations


You had 12 spell levels left.
You didn't know any spells.

Dungeon Overview and Level Annotations

Branches:
Dungeon (10/15)            Temple (1/1) D:6            Lair (5/8) D:10
  Swamp: Lair:3-6    Shoals: Lair:3-6     Snake: Lair:3-6    Spider: Lair:3-6
    Orc: D:9-12

Altars:
Ashenzari
Cheibriados
Dithmenos
Elyvilon
Fedhas
Gozag
Kikubaaqudgha
Makhleb
Nemelex Xobeh
Okawaru
Qazlal
Ru
Sif Muna
Trog
Vehumet
Xom
Yredelemnul
Zin
The Shining One

Shops:
D:8 (


Innate Abilities, Weirdness & Mutations

You have a pair of small antennae on your head.
You can breathe flames.
You occasionally shout uncontrollably at your foes.
You expend magic power (3 MP) to strengthen your wands.


Message History

The black mamba bites you.
* * * LOW HITPOINT WARNING * * *
You are poisoned.
The black mamba poisons you!
A yak comes into view.
Drink which item? (? for menu, Esc to quit)
You feel yourself speed up.
You feel sick.
The yak bellows!
The black mamba bites you but does no damage.
The eight-headed hydra bites you!
* * * LOW HITPOINT WARNING * * *
The eight-headed hydra bites you but does no damage.
The eight-headed hydra closely misses you.
The eight-headed hydra bites you.
* * * LOW HITPOINT WARNING * * *
The eight-headed hydra bites you.
* * * LOW HITPOINT WARNING * * *
The eight-headed hydra bites you!
You die...
Your body rises from the dead as a mindless zombie.

.... #...Y
P... #...Y.
#... ...Y..
...#...Y..
#.#.......
##.........
##..DS......
#...@.......
##...........
#......P..#..
#............
##..........#
##..........
###........
#..........
##.....P....
...P##


You could see an eight-headed hydra, a black mamba and 4 yaks.

Vanquished Creatures
  A hydra (Lair:1)
  An unseen horror (D:10)
  2 black mambas
  A torpor snail (Lair:3)
  A molten gargoyle (Lair:3)
  3 spiny frogs
  3 komodo dragons
  2 fire drakes
  9 blink frogs
  A two-headed ogre (D:8)
  3 wraiths
  2 basilisks
  5 hippogriffs
  4 fire bats (Lair:3)
  5 yaks
  3 fire elementals (Lair:3)
  A hungry ghost (D:8)
  6 water moccasins
  An orc warrior (D:10)
  15 porcupines
  3 ice beasts
  4 ogres
  A phantom (D:8)
  The ghost of twigmaester the Covered, an average DsBe of Trog (D:4)
  2 centaurs (D:8)
  4 crocodiles
  12 sheep
  Blork the orc (D:5)
  A big kobold (Sewer)
  7 giant frogs
  2 scorpions
  9 wights
  2 lava snakes (Lair:3)
  A giant frog zombie (D:8)
  5 crimson imps
  5 iguanas
  4 jellies
  2 orc priests
  6 orc wizards
  2 hounds
  A killer bee zombie (D:8)
  4 worker ants
  A hound zombie (D:7)
  3 gnolls
  10 adders
  31 river rats
  A shadow imp (D:6)
  6 oozes
  2 adder skeletons
  4 worms
  3 giant geckos
  23 orcs
  4 ball pythons
  A bat skeleton (D:4)
  6 giant cockroaches
  16 goblins
  14 hobgoblins
  2 jackals (D:7)
  27 kobolds
  13 bats
  9 giant newts
  8 quokkas
  39 rats
  4 bushes (D:1)
  3 fungi
  A plant (D:1)
379 creatures vanquished.

Vanquished Creatures (collateral kills)
  Josephine (Lair:3)
  A hydra (Lair:1)
  Erica (D:10)
  Nergalle (Lair:1)
  A hill giant (D:10)
  A griffon (Lair:3)
  2 spiny frogs
  A molten gargoyle (Lair:2)
  2 black mambas
  3 blink frogs
  6 komodo dragons (Lair:1)
  A fire drake (D:10)
  A two-headed ogre (D:9)
  4 yaks
  3 wraiths
  A deep elf mage (D:10)
  4 hippogriffs
  2 water moccasins
  2 porcupines
  A black bear (D:10)
  A necrophage (D:9)
  2 giant frogs
  2 electric eels (Lair:2)
  3 crocodiles (Lair:1)
  A wyvern zombie (D:9)
  2 scorpions
  2 wights
  2 giant frog zombies
  A hound (D:8)
  2 orc priests (D:10)
  An orc wizard (D:10)
  6 iguanas
  A worker ant (D:8)
  5 sheep
  3 adders
  12 river rats
  An ooze (D:9)
  A giant gecko (D:9)
  An orc (D:5)
  A ball python (Sewer)
  A quokka (D:8)
  A bat (D:9)
  3 kobolds
  5 rats
  A fungus (Lair:2)
100 creatures vanquished.

Vanquished Creatures (others)
  A hydra zombie (Lair:1)
  A fire vortex (Lair:3)
  A black mamba zombie (Lair:1)
  2 flying skulls (D:9)
  A black mamba skeleton (Lair:3)
  3 wraiths
  A spiny frog zombie (Lair:1)
  A blink frog zombie (Lair:4)
  2 komodo dragon zombies (Lair:1)
  2 water moccasin zombies
  A yak zombie (Lair:3)
  A hippogriff zombie (Lair:3)
  4 wights
  A basilisk zombie (Lair:3)
  2 orc zombies
  An iguana zombie (Lair:1)
  4 sheep zombies
  4 river rat zombies
  2 kobold zombies
  A quokka zombie (D:4)
  A rat zombie (Sewer)
  A fungus (Lair:1)
  3 plants (Lair:1)
41 creatures vanquished.

Grand Total: 520 creatures vanquished

Notes
Turn   | Place    | Note
--------------------------------------------------------------
     0 | D:1      | Kisielow the Hill Orc Fighter began the quest for the Orb.
     0 | D:1      | Reached XP level 1. HP: 19/19 MP: 1/1
    66 | D:1      | Reached XP level 2. HP: 26/26 MP: 2/2
   201 | D:1      | Reached skill level 4 in Axes
   342 | D:1      | Reached XP level 3. HP: 27/31 MP: 3/3
  1294 | D:2      | Found a blossoming altar of Fedhas.
  1439 | D:2      | Found a basalt altar of Yredelemnul.
  1460 | D:2      | Reached skill level 5 in Axes
  1696 | D:2      | Reached XP level 4. HP: 31/39 MP: 4/4
  2132 | D:2      | Reached skill level 6 in Axes
  2185 | D:3      | Reached XP level 5. HP: 36/46 MP: 5/5
  2949 | D:3      | Found an opulent altar of Gozag.
  3066 | D:3      | Found a bloodstained altar of Trog.
  3083 | D:3      | Found a faded altar to an unknown god.
  3091 | D:3      | Became a worshipper of Yredelemnul the Dark
  3091 | D:3      | Acquired Yredelemnul's first power
  3254 | D:4      | Noticed twigmaester's ghost (average DsBe)
  3256 | D:4      | Found a radiant altar of Vehumet.
  3431 | D:4      | Killed twigmaester's ghost
  3431 | D:4      | Reached XP level 6. HP: 45/53 MP: 6/6
  3504 | D:4      | Noticed an ogre
  3515 | D:4      | Killed an ogre
  3812 | D:4      | Found a glowing drain.
  3820 | Sewer    | Entered a sewer
  3831 | Sewer    | Reached skill level 7 in Axes
  3870 | Sewer    | Reached XP level 7. HP: 53/60 MP: 7/7
  4048 | Sewer    | Acquired Yredelemnul's second power
  4050 | Sewer    | Reached skill level 5 in Fighting
  4628 | D:4      | Found a staircase to the Ecumenical Temple.
  4674 | D:5      | Entered Level 5 of the Dungeon
  4702 | D:5      | Found a shattered altar of Ashenzari.
  4874 | D:5      | Noticed Blork the orc
  4877 | D:5      | Reached skill level 5 in Shields
  4896 | D:5      | Killed Blork the orc
  4896 | D:5      | Reached skill level 5 in Armour
  5106 | D:5      | Acquired Yredelemnul's third power
  5183 | D:5      | Found a glowing golden altar of the Shining One.
  5184 | D:5      | Found a glowing silver altar of Zin.
  5185 | D:5      | Found a white marble altar of Elyvilon.
  5276 | D:5      | Your ally Blork died
  5414 | D:5      | Reached skill level 8 in Axes
  5420 | D:5      | Reached XP level 8. HP: 63/70 MP: 8/8
  5945 | D:6      | Found a staircase to the Ecumenical Temple.
  5968 | Temple   | Entered the Ecumenical Temple
  6154 | D:6      | Got a bloodstained trident
  6167 | D:6      | Got a twisted leather armour
  6168 | D:6      | Identified the +7 trident "Impslayer" {flame, rC+} (You found it on level 6 of the Dungeon)
  6180 | D:6      | Identified the +2 leather armour of Gozag's Generosity {Dex+10} (You found it on level 6 of the Dungeon)
  6365 | D:6      | Found a deep blue altar of Sif Muna.
  6530 | D:6      | Reached skill level 9 in Axes
  6566 | D:6      | Found a sacrificial altar of Ru.
  6578 | D:6      | Found a shimmering altar of Xom.
  7290 | D:7      | Got a blackened leather armour
  7301 | D:7      | Identified the +1 leather armour of Yredelemnul's Favour {Str+6 Int+3} (You found it on level 7 of the Dungeon)
  7373 | D:7      | Reached XP level 9. HP: 62/79 MP: 9/9
  8154 | D:8      | Found Tiniso's Antique Weapon Emporium.
  8296 | D:8      | Got a shimmering ring mail
  8307 | D:8      | Identified the +0 ring mail "Tiugaroegg" {Regen+} (You found it on level 8 of the Dungeon)
  8336 | D:8      | Reached skill level 10 in Axes
  8353 | D:8      | Acquired Yredelemnul's fourth power
  8356 | D:8      | Received a gift from Yredelemnul
  8376 | D:8      | Received a gift from Yredelemnul
  8376 | D:8      | Received a gift from Yredelemnul
  9090 | D:9      | Reached XP level 10. HP: 68/90 MP: 10/10
  9206 | D:9      | Received a gift from Yredelemnul
  9510 | D:10     | Entered Level 10 of the Dungeon
  9775 | D:10     | Reached skill level 11 in Axes
  9867 | D:10     | Noticed a hill giant
  9879 | D:10     | Killed a hill giant
 10013 | D:10     | Found a staircase to the Lair.
 10067 | D:10     | Got a slimy whip
 10068 | D:10     | Identified the +9 whip "Hysom" {drain, rPois} (You found it on level 10 of the Dungeon)
 10176 | D:10     | Noticed Erica
 10185 | D:10     | Killed Erica
 10298 | D:10     | Reached skill level 10 in Fighting
 10396 | D:10     | Killed an unseen horror
 10562 | Lair:1   | Entered Level 1 of the Lair of Beasts
 10618 | Lair:1   | Reached XP level 11. HP: 91/100 MP: 11/11
 10630 | Lair:1   | Noticed a six-headed hydra
 10670 | Lair:1   | HP: 5/100 [six-headed hydra (9)]
 10672 | Lair:1   | Killed a six-headed hydra
 10672 | Lair:1   | Reached skill level 12 in Axes
 10957 | Lair:1   | Noticed a black mamba
 10965 | Lair:1   | Killed a black mamba
 10997 | Lair:1   | Noticed a five-headed hydra
 11016 | Lair:1   | Killed a five-headed hydra
 11384 | Lair:1   | Noticed Nergalle
 11425 | Lair:1   | Killed Nergalle
 11436 | Lair:1   | Reached skill level 10 in Shields
 11448 | Lair:1   | Received a gift from Yredelemnul
 12336 | Lair:1   | Reached skill level 10 in Armour
 12644 | Lair:1   | Gained mutation: You expend magic power (3 MP) to strengthen your wands. [potion of mutation]
 12644 | Lair:1   | Gained mutation: You can breathe flames. [potion of mutation]
 12811 | Lair:1   | Upgraded the game from 0.17-a0-1375-g89b919d to 0.17-a0-1380-gc4949c2
 13224 | Lair:2   | Acquired Yredelemnul's fifth power
 13224 | Lair:2   | Reached skill level 1 in Invocations
 13249 | Lair:2   | Got a shimmering battleaxe
 13255 | Lair:2   | Identified the +8 battleaxe "Yroe" {pain, *Noise rPois MP+9} (You found it on level 2 of the Lair of Beasts)
 13270 | Lair:2   | Reached skill level 1 in Evocations
 13273 | Lair:2   | Received a gift from Yredelemnul
 13489 | Lair:2   | Reached XP level 12. HP: 70/110 MP: 15/15
 13796 | Lair:3   | Received a gift from Yredelemnul
 13850 | Lair:3   | Reached skill level 5 in Invocations
 14667 | Lair:3   | Reached skill level 5 in Evocations
 16087 | Lair:4   | Noticed Josephine
 16122 | Lair:3   | Killed Josephine
 16681 | Lair:4   | Received a gift from Yredelemnul
 16858 | Lair:4   | Reached skill level 10 in Invocations
 17237 | Lair:4   | Reached XP level 13. HP: 109/116 MP: 20/20
 17669 | Lair:5   | Gained mutation: You occasionally shout uncontrollably at your foes. [potion of mutation]
 17669 | Lair:5   | Gained mutation: You have a pair of small antennae on your head. [potion of mutation]
 17773 | Lair:5   | Slain by an eight-headed hydra

Vault maps used:
D:1:      lemuel_arrival_room, serial_forest, infiniplex_forest_clump_long,
          infiniplex_forest_split, infiniplex_forest_lined_3_way,
          infiniplex_forest_diagonal, infiniplex_forest_straight_4,
          infiniplex_forest_fountain, infiniplex_forest_fountain,
          infiniplex_forest_clump_medium, infiniplex_forest_join
D:2:      lemuel_doored_altar, first_bread, fedhas_altar_2
D:3:      nicolae_overflow_crystal_walls, ecumenical_altar_1,
          grunt_gozag_breadcrumbs
D:4:      vehumet_altar_wand_db, minmay_temple_entry_trees,
          lightli_sewer_entry_pipes
D:5:      good_gods_temple_1, ashenzari_conservatory_becter, uniq_blork_the_orc
D:6:      lemuel_blue_sif_altar, old_standard_altar, lemuel_round_altar,
          minmay_temple_entry_glass
D:8:      lemuel_ratsnest, serial_shops, shop
D:9:      hangedman_little_slice_of_home
D:10:     minmay_lair_entry_lava, kennysheep_nondescript, uniq_erica
Temple:   circular_temple_pool_8
Lair:1:   beast_lair_carwin_large_3, lemuel_fruit_tree, uniq_nergalle
Lair:2:   grunt_megastairs_2, serial_bayou_shore_a, infiniplex_staircase_pool_2
Lair:3:   beast_lair_carwin_2
Lair:4:   bh_autumn_forest_stairs, grunt_megastairs_4, uniq_josephine
Lair:5:   elwin_shoals_entry_stream, nicolae_spider_entry_orb_guardian
Sewer:    sewer_minmay_treatment

Action                   |  1- 3 |  4- 6 |  7- 9 | 10-12 | 13-15 || total
-------------------------+-------+-------+-------+-------+-------++-------
Melee: War axe           |   315 |   183 |   576 |   557 |       ||  1631
       Trident           |       |       |       |    23 |     2 ||    25
       Battleaxe         |       |       |       |    96 |    42 ||   138
Invok: Animate Remains   |       |     2 |    12 |       |       ||    14
       Animate Dead      |       |       |    15 |    40 |     1 ||    56
       Recall Undead Sla |       |       |     1 |     4 |     1 ||     6
       Drain Life        |       |       |       |     3 |       ||     3
       Injury Mirror     |       |       |       |     1 |       ||     1
Evoke: Wand              |       |       |       |     2 |       ||     2
  Use: Scroll            |       |     6 |     7 |    12 |       ||    25
       Potion            |       |       |       |     9 |     2 ||    11
 Stab: Distracted        |       |       |     2 |     4 |       ||     6
  Eat: Chunk             |     3 |     5 |    16 |    18 |     1 ||    43
       Beef jerky        |       |     1 |       |     5 |     1 ||     7
       Meat ration       |       |       |     1 |     1 |       ||     2
       Fruit             |       |       |       |     1 |       ||     1
